 Dungeon Crawl Stone Soup version 0.26-a0-667-g92642533e4 (webtiles) character file.

Game seed: 9844565922124507088

63371 marcb3 the Frost Mage (level 14, -2/88 HPs)
             Began as a Deep Elf Ice Elementalist on Oct 17, 2020.
             Was a High Priest of Sif Muna.
             Slain by a troll (11 damage)
             ... on level 2 of the Orcish Mines on Oct 18, 2020.
             The game lasted 01:52:01 (35088 turns).

marcb3 the Frost Mage (Deep Elf Ice Elementalist)  Turns: 35088, Time: 01:52:01

Health: -2/88      AC: 21    Str:  7    XL:     14   Next: 67%
Magic:  1/30       EV: 15    Int: 24    God:    Sif Muna [*****.]
Gold:   1780       SH:  0    Dex: 15    Spells: 0/33 levels left

rFire    + . .     SeeInvis .   a - +8 great sword
rCold    + . .     Faith    .   (shield currently unavailable)
rNeg     . . .     Spirit   .   j - +0 acid dragon scales
rPois    .         Reflect  .   h - +2 helmet
rElec    .         Harm     .   M - +2 cloak
rCorr    +         Rampage  .   E - +2 pair of gloves
MR       +++..                  k - +2 pair of boots
Stlth    +.........             (no amulet)
HPRegen  0.24/turn              (no ring)
MPRegen  0.22/turn              Z - ring "Ateami" {+Fly rF+ rC+ MR++ Stlth-}

@: lightly drained, bezotted
A: no striking features
a: Channel Magic, Forget Spell, Divine Exegesis, Renounce Religion, Evoke Flight


You were on level 2 of the Orcish Mines.
You worshipped Sif Muna.
Sif Muna was extremely pleased with you.
You visited 4 branches of the dungeon, and saw 21 of its levels.

You collected 2581 gold pieces.
You spent 801 gold pieces at shops.

Inventory:

Hand Weapons
 a - a +8 great sword (weapon)
   (You took it off a wight on level 9 of the Dungeon)
 c - a +0 scimitar of flaming
   (You took it off an efreet on level 10 of the Dungeon)
 d - the +5 rapier of Ohiacu Reatt {flame, MR+}
   (You found it on level 10 of the Dungeon)

   It has been specially enchanted to burn those struck by it, causing extra
   injury to most foes and up to half again as much damage against particularly
   susceptible opponents.
   It affects your resistance to hostile enchantments.
 u - the +7 whip of Trial by Ordeal {protect, *Noise rC+ rN+ Dex+4}
   (You found it on level 2 of the Orcish Mines)

   It grants its wielder temporary protection when it strikes (+7 to AC).
   It affects your dexterity (+4).
   It protects you from cold.
   It protects you from negative energy.
   It may make noises in combat.
Missiles
 r - a throwing net {=f!f}
 A - 11 silver javelins (quivered)
 J - 6 curare-tipped darts {!f}
Armour
 h - a +2 helmet (worn)
   (You took it off Robin on level 2 of the Dungeon)
 j - +0 acid dragon scales (worn)
   (You found it on level 8 of the Dungeon)
 k - a +2 pair of boots (worn)
   (You found it on level 2 of the Dungeon)
 n - a +0 kite shield
   (You took it off a gnoll sergeant on level 10 of the Dungeon)
 E - a +2 pair of gloves (worn)
   (You found it on level 10 of the Dungeon)
 M - a +2 cloak (worn)
   (You found it on level 6 of the Lair of Beasts)
Magical Staves
 b - an uncursed staff of cold
   (You took it off Fannar on level 11 of the Dungeon)
Jewellery
 l - an uncursed amulet of faith {!P}
   (You found it on level 11 of the Dungeon)
 w - a +4 ring of evasion
   (You found it on level 5 of the Dungeon)
 Z - the ring "Ateami" (right hand) {+Fly rF+ rC+ MR++ Stlth-}
   (You bought it in a shop on level 8 of the Dungeon)

   [ring of flight]

   It protects you from fire.
   It protects you from cold.
   It affects your resistance to hostile enchantments.
   It lets you fly.
   It makes you less stealthy.
Wands
 q - a wand of polymorph (29)
   (You found it on level 3 of the Dungeon)
 y - a wand of disintegration (33)
   (You found it on level 8 of the Dungeon)
 B - a wand of iceblast (49)
   (You found it on level 6 of the Dungeon)
 C - a wand of paralysis (28)
   (You found it on level 3 of the Dungeon)
 F - a wand of flame (37)
   (You found it on level 11 of the Dungeon)
 H - a wand of enslavement (10)
   (You found it on level 8 of the Dungeon)
 I - a wand of acid (19)
   (You found it on level 9 of the Dungeon)
Scrolls
 g - a scroll of enchant weapon
 s - 5 scrolls of teleportation {@r4}
 v - 4 scrolls of remove curse {@r2}
 P - 4 scrolls of identify {@r1}
 S - 3 scrolls of summoning
Potions
 e - 2 potions of lignification {!q}
 f - a potion of might
 i - a potion of invisibility
 m - 2 potions of heal wounds {@q2}
 o - 2 potions of cancellation
 p - a potion of haste {@q3}
 t - 4 potions of curing {@q1}
 x - 2 potions of resistance
 G - 3 potions of brilliance
 K - a potion of berserk rage
 T - 6 potions of ambrosia
 V - a potion of magic
Miscellaneous
 L - a lightning rod (4/4) {!a}
   (You found it on level 10 of the Dungeon)
 N - a phial of floods
   (You found it on level 1 of the Lair of Beasts)
 R - a tin of tremorstones (3/3)
   (You found it on level 1 of the Lair of Beasts)


   Skills:
 + Level 10.3(9.8) Fighting
 * Level 8.2(7.7) Armour
 - Level 8.0(7.4) Dodging
 - Level 2.4(1.9) Stealth
 - Level 10.0(9.4) Spellcasting
 - Level 6.0(5.5) Conjurations
 - Level 9.0(8.4) Hexes
 + Level 8.8(8.2) Summonings
 * Level 7.6(7.1) Necromancy
 - Level 3.0(2.5) Translocations
 - Level 3.0(2.5) Fire Magic
 - Level 11.0(10.5) Ice Magic
 - Level 8.6(8.1) Invocations
 - Level 5.0(4.5) Evocations


You couldn't memorise any spells.
You knew the following spells:

 Your Spells              Type           Power        Failure   Level
a - Freeze                Ice            ####         1%          1
b - Frozen Ramparts       Ice            ######       1%          3
c - Summon Ice Beast      Ice/Summ       ######..     1%          4
d - Hailstorm             Conj/Ice       #####...     3%          4
e - Foxfire               Conj/Fire      ####         1%          1
f - Summon Mana Viper     Hex/Summ       ######..     9%          5
g - Cause Fear            Hex            ######....   3%          4
h - Dispel Undead         Necr           #####...     4%          4
i - Blink                 Tloc           N/A          4%          2
m - Sublimation of Blood  Necr           #####.....   1%          2
A - Ozocubu's Armour      Ice            ######..     1%          3

Your spell library contained the following spells:

 Spells                   Type           Power        Failure   Level
 Animate Skeleton         Necr           #####.       1%          1
 Corona                   Hex            ######.      1%          1
 Pain                     Necr           ####         1%          1
 Ensorcelled Hibernation  Hex/Ice        ######       1%          2
 Slow                     Hex            ######..     1%          2
 Vampiric Draining        Necr           #####.....   1%          3
 Inner Flame              Hex/Fire       #####...     3%          3
 Portal Projectile        Hex/Tloc       #####.       3%          3
 Animate Dead             Necr           #####.....   4%          4
 Stone Arrow              Conj/Erth      ###...       9%          3
 Beastly Appendage        Tmut           ##....       10%         1
 Sandblast                Erth           ##....       10%         1
 Gell's Gravitas          Tloc           ###.......   10%         3
 Lesser Beckoning         Tloc           ###.......   10%         3
 Teleport Other           Tloc           ###.....     10%         3
 Ice Form                 Ice/Tmut       #####...     11%         4
 Passwall                 Tmut/Erth      ##......     14%         2
 Wereblood                Tmut           ##......     14%         2
 Agony                    Necr           #####...     14%         5
 Leda's Liquefaction      Hex/Erth       ####......   16%         4
 Ignite Poison            Fire/Tmut/Pois ###.....     21%         3
 Spider Form              Tmut/Pois      ##........   28%         3
 Passage of Golubria      Tloc           N/A          32%         4
 Simulacrum               Ice/Necr       ######....   36%         6
 Invisibility             Hex            ######..     41%         6
 Irradiate                Conj/Tmut      ###.......   63%         5
 Petrify                  Tmut/Erth      ##......     67%         4
 Alistair's Intoxication  Tmut/Pois      ##.......    95%         5
 Blade Hands              Tmut           ##........   95%         5
 Lee's Rapid Deconstruct  Erth           ##........   95%         5
 Starburst                Conj/Fire      ####......   95%         6
 Eringya's Noxious Bog    Tmut/Pois      ##........   100%        6


Dungeon Overview and Level Annotations

Branches:
Dungeon (12/15)            Temple (1/1) D:4            Lair (6/6) D:10
 Shoals (0/4) Lair:3        Snake (0/4) Lair:2        Slime (0/5) Lair:6
    Orc (2/2) D:10            Elf (0/3) Orc:2

Altars:
Ashenzari
Cheibriados
Dithmenos
Elyvilon
Fedhas
Gozag
Hepliaklqana
Kikubaaqudgha
Makhleb
Nemelex Xobeh
Okawaru
Qazlal
Ru
Sif Muna
Trog
Uskayaw
Vehumet
Wu Jian
Xom
Yredelemnul
Zin
The Shining One

Shops:
D:5 ?   D:7 =   D:8 =   Orc:2 *[(


Message History

You regained 12 hp, and now have 30/88 hp.
Unknown command.
Unknown command.
Unknown command.
Unknown command.
The orc warlord easily resists.
The warg looks frightened!
The orc looks frightened!
The orc wizard looks frightened!
The orc looks frightened! x2; The troll resists with some effort.
The orc looks frightened! x2; The troll easily resists.
* * * LOW MAGIC WARNING * * *
The orc wizard casts a spell.
The orc wizard flickers and vanishes!
Deactivating autopickup; reactivate with Ctrl-A.
The troll bites you but does no damage.
The troll claws you but does no damage. x2
The orc warlord shoots a bolt.
The bolt hits your ice beast!!
Your ice beast dies!
You now have 1/30 mp.
Unknown command.
The orc no longer looks unusually strong. x2
The orc warlord roars a battlecry!
The orcs go into a battle-frenzy!
The troll bites you but does no damage. The troll closely misses you.
The troll barely misses you.
Your ice beast hits the warg but does no damage.
There is a stone staircase leading down here.
You see here 2 bolts.
The orc no longer looks unusually strong.
The orc warrior no longer looks unusually strong.
The orc warlord roars a battlecry!
The orcs go into a battle-frenzy!
The troll bites you but does no damage. The troll claws you but does no damage.
The troll completely misses you. The troll closely misses you.
The troll claws you!
* * * LOW HITPOINT WARNING * * *
The troll claws you but does no damage.
You climb downwards.
Reactivating autopickup.
There is a stone staircase leading up here.
You take 10 damage, and have 21/88 hp.
Unknown command.
Unknown command.
You blink.
* * * LOW MAGIC WARNING * * *
The orc warlord shoots a bolt.
The bolt hits you but does no damage.
You now have 0/30 mp.
Found Nioneoka's Antique Armour Emporium.
The troll bites you!
* * * LOW HITPOINT WARNING * * *
The troll completely misses you. The troll claws you!
You die...

...).## #........ ...#..#
###........... ...####
............. ..).#
####............ ....#
###.#.<....P.....P
....###>.....o.......∩..
).............T.........
)....[.......(#T....8...
.)).).......#...@.......
...........####.#.......
#........### ###.......
...........## #.........
..).........###........#
........)..............##
.......)))............#.#
......##.)...P..........
....####.....P........#


You could see an orc warlord and 2 trolls.

Vanquished Creatures
  An orc warlord (Orc:2)
  A dire elephant (Lair:3)
  Snorg (D:12)
  Josephine (D:11)
  A hydra (Lair:6)
  Fannar (D:11)
  3 boulder beetles
  4 two-headed ogres
  Urug (D:11)
  An unseen horror (D:11)
  2 orc knights (Orc:2)
  2 lindwurms (Lair:3)
  2 oklob plants (Lair:1)
  4 orc sorcerers
  A manticore (D:11)
  3 ugly things
  5 black mambas
  3 elephants (Lair:6)
  A torpor snail (Lair:6)
  6 cane toads
  4 komodo dragons
  An efreet (D:10)
  A queen bee (Lair:1)
  2 trolls
  Prince Ribbit (Lair:1)
  6 blink frogs
  8 polar bears
  2 dream sheep
  2 raiju (Lair:6)
  A shadow (D:10)
  8 wyverns
  35 yaks
  A wraith (D:11)
  5 basilisks
  4 vampire mosquitoes (D:12)
  Menkaure (D:5)
  A soldier ant (D:10)
  4 wargs
  2 nagas (Lair:2)
  12 water moccasins
  An acid dragon (D:8)
  13 hell hounds (Lair:6)
  4 sky beasts
  An eye of draining (D:11)
  An ice beast (D:11)
  31 orc warriors
  A phantom (D:12)
  8 black bears (Lair:6)
  17 wolves
  6 ogres
  5 centaurs
  16 bullfrogs
  A gnoll sergeant (D:10)
  A wyvern skeleton (D:9)
  2 scorpions
  A troll zombie (D:10)
  31 killer bees
  2 howler monkeys
  An electric eel (Lair:3)
  11 wights
  2 quasits
  5 jellies
  10 orc priests
  A centaur skeleton (D:10)
  3 hounds
  4 bullfrog skeletons
  5 iguanas
  Natasha (D:2)
  22 orc wizards
  16 worker ants
  4 ogre zombies (D:10)
  2 hound zombies (D:10)
  2 hound skeletons
  Robin (D:2)
  A worker ant zombie (D:9)
  4 gnolls (D:10)
  13 adders
  A howler monkey skeleton (D:8)
  2 white imps
  A nameless horror (Lair:1)
  2 ufetubi
  2 oozes
  An adder zombie (D:8)
  4 adder skeletons
  3 worms
  A dart slug (D:2)
  7 leopard geckos
  82 orcs
  8 giant cockroaches
  15 goblins
  23 hobgoblins
  8 jackals
  12 kobolds
  3 quokkas
  2 ball pythons
  6 bats
  2 frilled lizards
  A goblin zombie (D:10)
  2 hobgoblin zombies (D:10)
  A jackal skeleton (D:6)
  2 orc skeletons (D:10)
  5 orc zombies (D:10)
  7 rats
598 creatures vanquished.

Vanquished Creatures (collateral kills)
  A dire elephant (Lair:6)
  Erolcha (D:9)
  6 hydras
  2 two-headed ogres
  An unseen horror (D:12)
  2 orc knights
  3 orc sorcerers (Orc:2)
  2 oklob plants
  An ugly thing (D:11)
  2 slime creatures (D:12)
  5 elephants (Lair:6)
  Psyche (D:8)
  A rime drake (Lair:3)
  2 cane toads
  A troll (Orc:2)
  8 blink frogs
  4 polar bears
  A raiju (Lair:6)
  10 dream sheep (Lair:5)
  2 shadows
  3 wraiths (D:11)
  A wyvern (Lair:4)
  10 yaks
  2 basilisks
  3 nagas (Lair:2)
  A warg (Lair:6)
  3 water moccasins
  An ice beast (D:9)
  4 black bears
  3 orc warriors
  4 phantoms
  An ogre (D:8)
  3 wolves
  A troll zombie (D:10)
  A killer bee (Lair:1)
  3 wights
  2 centaur skeletons
  An orc wizard (D:8)
  An orc priest (D:8)
  A hound (D:8)
  A worker ant (D:11)
  An ogre zombie (D:10)
  A hound skeleton (D:7)
  A worker ant zombie (D:6)
  A gnoll (D:10)
  2 adders
  A shadow imp (D:6)
  A nameless horror (Lair:4)
  2 ufetubi (D:5)
  An adder skeleton (D:8)
  3 orcs
  A goblin zombie (D:10)
  An orc skeleton (D:10)
  3 orc zombies (D:10)
125 creatures vanquished.

Vanquished Creatures (others)
  A cane toad (Lair:1)
  A centaur skeleton (D:10)
  2 orc wizards
  An ogre zombie (D:10)
  A goblin skeleton (D:10)
  A goblin zombie (D:10)
  An orc skeleton (D:10)
  7 orc zombies (D:10)
  48 foxfires
  61 fungi
  60 plants
  5 toadstools (Lair:3)
189 creatures vanquished.

Grand Total: 912 creatures vanquished

Notes
Turn   | Place    | Note
-------+----------+-------------------------------------------
     0 | D:1      | marcb3 the Deep Elf Ice Elementalist began the quest for
                  | the Orb.
     0 | D:1      | Reached XP level 1. HP: 10/10 MP: 6/6
   461 | D:1      | Reached XP level 2. HP: 11/16 MP: 4/8
   631 | D:1      | Reached skill level 1 in Fighting
  1028 | D:1      | Reached XP level 3. HP: 18/20 MP: 7/9
  1033 | D:1      | Learned a level 3 spell: Frozen Ramparts
  1417 | D:2      | Reached skill level 5 in Ice Magic
  1579 | D:2      | Noticed Robin
  1591 | D:2      | Reached XP level 4. HP: 26/26 MP: 3/11
  1593 | D:2      | Killed Robin
  1768 | D:2      | Found a glowing golden altar of the Shining One.
  1774 | D:2      | Reached skill level 2 in Fighting
  1775 | D:2      | Found a sacrificial altar of Ru.
  1839 | D:2      | Noticed Natasha
  2235 | D:2      | Learned a level 3 spell: Ozocubu's Armour
  2238 | D:2      | Killed Natasha
  2238 | D:2      | Reached skill level 4 in Spellcasting
  2244 | D:2      | Learned a level 4 spell: Summon Ice Beast
  2345 | D:2      | Reached XP level 5. HP: 26/31 MP: 7/13
  2598 | D:3      | Found an ancient bone altar of Kikubaaqudgha.
  2866 | D:3      | Reached skill level 1 in Summonings
  2988 | D:3      | Reached skill level 2 in Summonings
  3061 | D:3      | Reached XP level 6. HP: 36/36 MP: 10/14
  3332 | D:4      | Reached skill level 3 in Fighting
  3356 | D:4      | Found a shadowy altar of Dithmenos.
  3557 | D:4      | Reached skill level 6 in Ice Magic
  3582 | D:4      | Reached skill level 5 in Spellcasting
  3582 | D:4      | Reached skill level 3 in Summonings
  3613 | D:4      | Learned a level 4 spell: Hailstorm
  3661 | D:4      | Found a staircase to the Ecumenical Temple.
  3672 | Temple   | Entered the Ecumenical Temple
  3854 | Temple   | Became a worshipper of Sif Muna the Loreminder
  4196 | D:5      | Entered Level 5 of the Dungeon
  4219 | D:5      | Found Pifegria's Magic Scroll Boutique.
  4223 | D:5      | Bought a scroll of teleportation for 45 gold pieces
  4223 | D:5      | Bought a scroll of identify for 30 gold pieces
  4223 | D:5      | Bought a scroll of identify for 30 gold pieces
  4223 | D:5      | Bought a scroll of identify for 30 gold pieces
  4251 | D:5      | Noticed a sky beast
  4268 | D:5      | Killed a sky beast
  4268 | D:5      | Reached XP level 7. HP: 19/41 MP: 4/16
  4314 | D:5      | Reached skill level 1 in Conjurations
  4609 | D:5      | HP: 10/41 [poisoned by a worker ant]
  5061 | D:5      | Noticed Menkaure
  5205 | D:5      | Reached skill level 1 in Invocations
  5262 | D:5      | Reached skill level 3 in Dodging
  5262 | D:5      | Reached skill level 2 in Conjurations
  5662 | D:5      | Killed Menkaure
  5662 | D:5      | Reached skill level 4 in Summonings
  5665 | D:5      | Reached XP level 8. HP: 48/48 MP: 4/18
  6169 | D:6      | Reached skill level 4 in Fighting
  6382 | D:6      | Reached skill level 3 in Conjurations
  6418 | D:6      | Reached * piety under Sif Muna
  6559 | D:6      | Reached skill level 2 in Invocations
  6797 | D:6      | Reached skill level 7 in Ice Magic
  7259 | D:6      | Found a hazy altar of Hepliaklqana.
  7389 | D:7      | Reached skill level 6 in Spellcasting
  7476 | D:7      | Reached skill level 5 in Summonings
  7737 | D:7      | Reached skill level 4 in Dodging
  7797 | D:7      | Found Upitim's Jewellery Boutique.
  7960 | D:5      | Bought a scroll of identify for 30 gold pieces
  7960 | D:5      | Bought a scroll of teleportation for 45 gold pieces
  7960 | D:5      | Bought a scroll of teleportation for 45 gold pieces
  8030 | D:8      | Noticed a two-headed ogre
  8032 | D:8      | Reached skill level 4 in Conjurations
  8100 | D:8      | Found Watol's Jewellery Emporium.
  8109 | D:8      | Reached ** piety under Sif Muna
  8109 | D:8      | Reached XP level 9. HP: 41/53 MP: 13/20
  8205 | D:7      | Reached skill level 3 in Invocations
  8303 | D:7      | Reached skill level 5 in Fighting
  8510 | D:7      | Reached skill level 5 in Conjurations
  8510 | D:7      | Reached skill level 6 in Summonings
  8510 | D:7      | Reached skill level 8 in Ice Magic
  9031 | D:7      | Reached skill level 5 in Dodging
  9270 | D:8      | HP: 13/54 [orc priest/divine providence (6)]
  9271 | D:8      | HP: 6/54 [centaur/arrow (4)]
  9620 | D:8      | Noticed Psyche
  9626 | D:8      | Killed Psyche
  9631 | D:8      | HP: 7/55 [centaur/arrow (12)]
  9860 | D:7      | Reached skill level 4 in Invocations
  9988 | D:8      | Noticed a two-headed ogre
 10068 | D:7      | Killed a two-headed ogre
 10068 | D:7      | Reached skill level 6 in Fighting
 10068 | D:7      | Reached skill level 6 in Conjurations
 10068 | D:7      | Reached XP level 10. HP: 37/60 MP: 11/21
 10193 | D:8      | Noticed a green ugly thing
 10200 | D:8      | Killed a green ugly thing
 10200 | D:8      | Reached skill level 9 in Ice Magic
 10247 | D:8      | Killed a two-headed ogre
 10300 | D:8      | Reached skill level 6 in Dodging
 10492 | D:7      | marcb3: !ac 8
 10492 | D:7      | marcb3: !ac 8
 10492 | D:7      | beem: 2.75 armour skill per 1 AC for 8 base AC
 10698 | D:8      | Reached *** piety under Sif Muna
 11027 | D:9      | Reached skill level 1 in Armour
 11027 | D:9      | Reached skill level 5 in Invocations
 11601 | D:9      | Reached skill level 7 in Fighting
 11601 | D:9      | Reached skill level 2 in Armour
 11693 | D:9      | Noticed Erolcha
 11702 | D:9      | Killed Erolcha
 11706 | D:9      | Reached skill level 3 in Armour
 11935 | D:9      | Found a burning altar of Makhleb.
 12094 | D:10     | Entered Level 10 of the Dungeon
 12304 | D:10     | Reached skill level 10 in Ice Magic
 12425 | D:10     | Found a broken altar of Ashenzari.
 12429 | D:10     | Reached XP level 11. HP: 67/67 MP: 10/22
 12582 | D:10     | Got a masterwork rapier
 12583 | D:10     | Identified the +5 rapier of Ohiacu Reatt {flame, MR+} (You
                  | found it on level 10 of the Dungeon)
 12745 | D:10     | Found a staircase to the Lair.
 12764 | D:10     | Reached **** piety under Sif Muna
 13049 | D:10     | Noticed an orc sorcerer
 13056 | D:10     | Noticed a sun demon
 13069 | D:10     | Killed an orc sorcerer
 13069 | D:10     | Reached skill level 6 in Invocations
 13362 | D:10     | Found a staircase to the Orcish Mines.
 13419 | D:10     | marcb3: !ac 9
 13419 | D:10     | beem: 2.44 armour skill per 1 AC for 9 base AC
 14301 | D:11     | Reached skill level 4 in Armour
 14367 | D:11     | Noticed Josephine
 14657 | D:11     | Noticed a cyan ugly thing
 14666 | D:11     | Killed a cyan ugly thing
 14811 | D:11     | Noticed Fannar
 14819 | D:11     | Killed an unseen horror
 14831 | D:11     | HP: 11/68 [Fannar/refrigeration (21)]
 14835 | D:11     | Killed Fannar
 14835 | D:11     | Reached skill level 8 in Fighting
 14835 | D:11     | Reached skill level 5 in Armour
 14849 | D:11     | HP: 3/68 [orc priest/divine providence (11)]
 15065 | D:11     | Noticed a two-headed ogre
 15071 | D:11     | Killed a two-headed ogre
 15344 | D:11     | Noticed a green ugly thing
 15351 | D:11     | Killed a green ugly thing
 15622 | D:11     | Noticed Urug
 15849 | D:11     | Reached skill level 1 in Evocations
 16154 | D:11     | Killed Josephine
 16327 | D:11     | Reached skill level 7 in Dodging
 16327 | D:11     | Reached skill level 7 in Spellcasting
 16514 | D:11     | Killed Urug
 16514 | D:11     | Reached skill level 7 in Invocations
 16514 | D:11     | Reached skill level 2 in Evocations
 16700 | D:11     | Reached ***** piety under Sif Muna
 16999 | D:10     | Found a staircase to the Lair.
 17075 | D:10     | Found a staircase to the Orcish Mines.
 17155 | D:10     | Found a broken altar of Ashenzari.
 17185 | D:10     | Reached XP level 12. HP: 75/75 MP: 3/24
 17928 | Lair:1   | Entered Level 1 of the Lair of Beasts
 17937 | Lair:1   | Reached skill level 3 in Evocations
 18060 | Lair:1   | Identified Sif Muna's Collected Works on the Burning Oath
                  | (Sif Muna gifted it to you on level 1 of the Lair of
                  | Beasts)
 18060 | Lair:1   | Received a gift from Sif Muna
 18066 | Lair:1   | Learned a level 1 spell: Foxfire
 18072 | Lair:1   | Learned a level 5 spell: Summon Mana Viper
 18515 | Lair:1   | Noticed Prince Ribbit
 18520 | Lair:1   | Reached skill level 1 in Hexes
 18525 | Lair:1   | Killed Prince Ribbit
 18702 | Lair:1   | Reached skill level 1 in Fire Magic
 18702 | Lair:1   | Reached skill level 2 in Hexes
 19341 | Lair:1   | Reached skill level 8 in Dodging
 19341 | Lair:1   | Reached skill level 3 in Hexes
 19901 | Lair:2   | Noticed a four-headed hydra
 19909 | Lair:2   | Reached skill level 2 in Fire Magic
 19911 | Lair:2   | Reached skill level 4 in Evocations
 19914 | Lair:2   | Killed a four-headed hydra
 19914 | Lair:2   | Reached skill level 8 in Spellcasting
 19914 | Lair:2   | Reached skill level 4 in Hexes
 20090 | Lair:2   | Reached skill level 9 in Fighting
 20473 | Lair:2   | Found a staircase to the Snake Pit.
 20875 | Lair:2   | Got a pair of heavily runed boots
 20944 | Lair:2   | Identified the +0 pair of boots "Ocoss" {Harm Dex-2 Slay+2
                  | Stlth+} (You found it on level 2 of the Lair of Beasts)
 20986 | Lair:3   | Found a staircase to the Shoals.
 21097 | Lair:3   | Reached skill level 8 in Invocations
 21122 | Lair:3   | HP: 19/76 [poisoned by a black mamba]
 21130 | Lair:3   | HP: 19/76 [poisoned by a black mamba]
 21489 | Lair:3   | Reached skill level 11 in Ice Magic
 21498 | Lair:3   | Reached skill level 5 in Hexes
 21843 | Lair:3   | Noticed a boulder beetle
 21866 | Lair:3   | Killed a boulder beetle
 22009 | Lair:3   | Noticed a dire elephant
 22029 | Lair:3   | Found a runed translucent door.
 22129 | Lair:3   | Got a masterwork shortbow
 22678 | Lair:3   | Reached skill level 6 in Hexes
 22685 | Lair:3   | HP: 17/76 [dire elephant (15)]
 22688 | Lair:3   | Killed a dire elephant
 22688 | Lair:3   | Reached XP level 13. HP: 18/80 MP: 10/27
 23015 | Lair:3   | Identified Ubriv's Grimoire of the Lethal Snowflakes
 23134 | Lair:1   | Identified the cursed +1 shortbow of the Dead {vorpal, rN+
                  | Dex-4 SInv} (You found it on level 3 of the Lair of Beasts)
 23464 | Lair:4   | Reached skill level 5 in Evocations
 24334 | Lair:4   | HP: 20/80 [poisoned by a cane toad]
 24339 | Lair:4   | HP: 18/80 [poisoned by a cane toad]
 24344 | Lair:4   | HP: 17/80 [poisoned by a cane toad]
 24350 | Lair:4   | HP: 16/80 [poisoned by a cane toad]
 24358 | Lair:4   | HP: 16/80 [poisoned by a cane toad]
 24925 | Lair:4   | Reached skill level 7 in Summonings
 24927 | Lair:4   | Reached skill level 9 in Spellcasting
 25336 | Lair:5   | Got a jewelled short sword
 25362 | Lair:5   | Identified the +5 short sword "Moskuok" {flame, Int+3} (You
                  | found it on level 5 of the Lair of Beasts)
 25413 | Lair:5   | Reached skill level 7 in Hexes
 25971 | Lair:5   | Reached skill level 6 in Armour
 25986 | Lair:5   | Received a gift from Sif Muna
 26128 | Lair:5   | Learned a level 4 spell: Cause Fear
 26133 | Lair:5   | Learned a level 4 spell: Dispel Undead
 26353 | Lair:5   | Got a distressingly furry leather armour
 26510 | Lair:5   | Identified the +1 leather armour "Mobbeym" {Str+4} (You
                  | found it on level 5 of the Lair of Beasts)
 26857 | Lair:6   | Entered Level 6 of the Lair of Beasts
 26857 | Lair:6   | Found the +8 Wrath of Trog {antimagic, *Rage}
 26880 | Lair:6   | Reached skill level 1 in Necromancy
 27157 | Lair:6   | Reached skill level 8 in Hexes
 27160 | Lair:6   | Reached skill level 10 in Fighting
 27160 | Lair:6   | Reached skill level 2 in Necromancy
 27285 | Lair:5   | marcb3: !ac 9
 27285 | Lair:5   | beem: 2.44 armour skill per 1 AC for 9 base AC
 27352 | Lair:6   | Learned a level 2 spell: Sublimation of Blood
 27749 | Lair:6   | Found a staircase to the Slime Pits.
 27767 | Lair:6   | Reached skill level 8 in Summonings
 27910 | Lair:6   | Reached skill level 3 in Necromancy
 28590 | D:8      | Bought the ring "Ateami" {+Fly rF+ rC+ MR++ Stlth-} for 546
                  | gold pieces
 29316 | Lair:6   | Reached XP level 14. HP: 88/88 MP: 22/29
 29324 | Lair:6   | Reached skill level 4 in Necromancy
 29545 | Lair:6   | Reached skill level 3 in Fire Magic
 29605 | Lair:6   | Received a gift from Sif Muna
 29608 | Lair:6   | Reached skill level 7 in Armour
 29738 | Lair:6   | HP: 7/88 [dire elephant (27)]
 30156 | Lair:6   | Reached skill level 10 in Spellcasting
 30162 | Lair:6   | Reached skill level 5 in Necromancy
 30452 | Lair:6   | Reached skill level 9 in Hexes
 30641 | Lair:6   | Learned a level 2 spell: Blink
 30792 | Lair:6   | marcb3: !ac 10
 30792 | Lair:6   | beem: 2.2 armour skill per 1 AC for 10 base AC
 31132 | D:12     | Reached skill level 1 in Translocations
 32340 | D:12     | Reached skill level 6 in Necromancy
 32340 | D:12     | Reached skill level 2 in Translocations
 32754 | D:12     | Noticed Snorg
 32763 | D:12     | Killed Snorg
 33113 | Orc:1    | Entered Level 1 of the Orcish Mines
 33362 | Orc:1    | Reached skill level 3 in Translocations
 33508 | Orc:1    | Found a flagged portal.
 33865 | Orc:2    | Entered Level 2 of the Orcish Mines
 33894 | Orc:2    | Found a burning altar of Makhleb.
 33922 | Orc:2    | Got a slimy whip
 33923 | Orc:2    | Identified the +7 whip of Trial by Ordeal {protect, *Noise
                  | rC+ rN+ Dex+4} (You found it on level 2 of the Orcish
                  | Mines)
 33956 | Orc:2    | Found a staircase to the Elven Halls.
 34159 | Orc:2    | Found Hyaj's General Store.
 34182 | Orc:2    | Found Zoacamu's Antique Weapon Shop.
 34189 | Orc:2    | Reached skill level 7 in Necromancy
 34192 | Orc:2    | Reached skill level 8 in Armour
 34824 | Orc:2    | Noticed an orc warlord
 34841 | Orc:2    | Killed an orc warlord
 35066 | Orc:1    | Noticed an orc warlord
 35077 | Orc:1    | Identified Sif Muna's Handbook of Creation (Sif Muna gifted
                  | it to you on level 1 of the Orcish Mines)
 35077 | Orc:1    | Received a gift from Sif Muna
 35078 | Orc:1    | HP: 18/88 [troll (10)]
 35083 | Orc:1    | HP: 20/88 [troll (11)]
 35086 | Orc:2    | Found Nioneoka's Antique Armour Emporium.
 35088 | Orc:2    | HP: 9/88 [troll (12)]
 35088 | Orc:2    | Slain by a troll

Illustrated notes

Levels and vault maps discovered:
D:1:      dpeg_arrival_stone_temple_mockup, layout_basic, serial_bayou_pond_b
D:2:      layout_rooms, grunt_temple_overflow_open, grunt_decor_fettered,
          uniq_robin, uniq_natasha
D:3:      layout_basic, overflow_temple_1_default
D:4:      layout_gridville, nicolae_overflow_crystal_walls,
          minmay_temple_entry_tees
D:5:      layout_basic, serial_shops, shop, lemuel_another_geyser, uniq_menkaure
D:6:      layout_cave_pools, marbit_many_paths
D:7:      layout_basic, serial_shops, shop
D:8:      cheibrodos_barr_body, layout_cave_pools, serial_shops, shop_fountains,
          uniq_psyche
D:9:      layout_big_octagon, lightli_temple_of_fire, chequers_decorated_corner,
          uniq_erolcha
D:10:     layout_loops_corners, dpeg_oklobed_lair, zombieorc2_lemuel,
          nicolae_ashenzari_panopticon
D:11:     layout_layer_cave, uniq_josephine, uniq_fannar, uniq_urug
D:12:     layout_basic, uniq_snorg
Temple:   eino_temple_scatter_basement
Lair:1:   layout_roguey [special_room_bee], grunt_megastairs_2,
          minmay_lair_oklob_chamber, uniq_prince_ribbit2
Lair:2:   layout_hall_layers, minmay_snake_entry_guardpost_large, special_room
Lair:3:   gammafunk_lair_enchanted_lake, layout_gridlike,
          elwin_shoals_entry_rocks
Lair:4:   layout_roguey
Lair:5:   layout_hall_layers
Lair:6:   hangedman_lair_caniforms_friends, layout_cave_pods, slime_dummy,
          infiniplex_staircase_pool_2
Orc:1:    cheibrodos_orc_bank, layout_diamond_mine, enter_bailey_2
Orc:2:    grunt_orc_gardens, layout_diamond_mine, grunt_orc_garden,
          grunt_orc_garden, grunt_orc_garden, grunt_orc_garden, bloody_makhleb

Skill      XL: |  1  2  3  4  5  6  7  8  9 10 11 12 13 14 |
---------------+-------------------------------------------+-----
Fighting       | 1 2 3 4 6 7 8 9 10 | 10.3
Ice Magic      | 5 6 7 8 10 11 | 11.0
Spellcasting   | 4 5 6 7 8 9 10 | 10.0
Summonings     | 2 3 4 5 6 8 |  8.8
Conjurations   | 2 4 6 |  6.0
Invocations    | 1 2 4 5 7 8 |  8.6
Dodging        | 3 4 5 6 7 8 |  8.0
Armour         | 3 5 6 8 |  8.2
Evocations     | 2 4 5 |  5.0
Hexes          | 6 8 9 |  9.0
Fire Magic     | 2 3 |  3.0
Necromancy     | 3 7 |  7.6
Translocations | 3 |  3.0
Stealth        | |  2.4

Action                   |  1- 3 |  4- 6 |  7- 9 | 10-12 | 13-15 || total
-------------------------+-------+-------+-------+-------+-------++-------
Melee: Dagger            |    19 |    21 |    99 |       |       ||   139
       Great sword       |       |       |    14 |   119 |    47 ||   180
       Staff             |       |       |       |    35 |     2 ||    37
       Scimitar          |       |       |       |       |     2 ||     2
Throw: Javelin           |       |       |       |     3 |       ||     3
 Cast: Freeze            |    31 |    58 |    66 |   169 |   192 ||   516
       Frozen Ramparts   |     3 |    17 |    41 |    66 |    79 ||   206
       Ozocubu's Armour  |       |     2 |       |     2 |       ||     4
       Summon Ice Beast  |       |       |    33 |   108 |   110 ||   251
       Hailstorm         |       |       |    21 |    77 |    62 ||   160
       Summon Mana Viper |       |       |       |       |    21 ||    21
       Foxfire           |       |       |       |       |    28 ||    28
       Cause Fear        |       |       |       |       |     3 ||     3
       Blink             |       |       |       |       |     2 ||     2
       Sublimation of Bl |       |       |       |       |     1 ||     1
Invok: Channel Magic     |       |       |     1 |     6 |     4 ||    11
Evoke: Wand              |       |       |       |     3 |     5 ||     8
       Lightning rod     |       |       |       |     1 |     3 ||     4
  Use: Scroll            |       |     7 |    13 |    13 |    16 ||    49
       Potion            |       |       |       |     3 |     1 ||     4
 Stab: Sleeping          |     8 |     5 |     1 |     3 |       ||    17
       Distracted        |       |     1 |       |       |       ||     1
Armor: Robe              |     2 |     2 |       |       |       ||     4
       Animal skin       |       |    14 |   106 |     1 |       ||   121
       Acid dragon scale |       |       |       |   135 |   177 ||   312
Dodge: Dodged            |    22 |    44 |   253 |   434 |   423 ||  1176
       Rpst.: Great sword |       |       |    39 |   115 |    95 ||   249

Table legend: (Time is in decaauts)
 A = Elapsed time spent in this place.
 B = Non-inter-level travel time spent in this place.
 C = Inter-level travel time spent in this place.
 D = Time resting spent in this place.
 E = Time spent auto-exploring this place.
 F = Levels seen in this place.
 G = Mean time per level.
                   A        B        C        D        E       F      G
               +--------+--------+--------+--------+--------+-----+--------+
         Total |  35349 |  33133 |   2216 |   3185 |  24701 |  21 | 1683.3 |
       Dungeon |  20158 |  18722 |   1436 |   1391 |  14259 |  12 | 1679.8 |
        Temple |    191 |    163 |     28 |      0 |    159 |   1 |  191.0 |
          Lair |  13013 |  12332 |    681 |   1583 |   9063 |   6 | 2168.8 |
  Orcish Mines |   1985 |   1914 |     71 |    211 |   1220 |   2 |  992.5 |
               +--------+--------+--------+--------+--------+-----+--------+

Top non-repeatable levels by time:
    D:10: 3350 daAuts
  Lair:6: 3245 daAuts
    D:11: 2753 daAuts
     D:7: 2683 daAuts
  Lair:3: 2330 daAuts
  Lair:5: 2154 daAuts
  Lair:1: 2009 daAuts
    D:12: 1956 daAuts
     D:5: 1944 daAuts
  Lair:4: 1931 daAuts
     D:1: 1399 daAuts
  Lair:2: 1341 daAuts
     D:9: 1251 daAuts
     D:6: 1215 daAuts
   Orc:2: 1213 daAuts

Table legend:
 A = Kills in this place as a percentage of kills in entire the game.
 B = Kills by you in this place as a percentage of kills by you in the entire game.
 C = Kills by friends in this place as a percentage of kills by friends in the entire game.
 D = Other kills in this place as a percentage of other kills in the entire game.
 E = Experience gained in this place as a percentage of experience gained in the entire game.
 F = Experience gained in this place divided by the number of levels of this place that you have seen.
                   A       B       C       D       E      F
               +-------+-------+-------+-------+-------+----------------------
         Total | 100.0 | 100.0 | 100.0 | 100.0 | 100.0 | 4311.0
       Dungeon |  54.9 |  58.3 |  37.9 |  75.0 |  31.8 | 2402.6
          Lair |  33.1 |  28.8 |  54.0 |  25.0 |  56.4 | 8514.5
  Orcish Mines |  12.0 |  12.9 |   8.1 |   0.0 |  11.7 | 5306.0
               +-------+-------+-------+-------+-------+----------------------
